General information
- name: BNet
- type: Ladder team game (AT/RT)
- host: Battle.net
- saver: Winstealer
map: Mur'gulOasis
- players: 8
- length: 39:35
- speed: Fast
- version: 1.28 W3XP
- replay type: Public
» download(223 KB)
Players
team 1 (winner)

»
RooDey (
orange | 103 APM | 2053 actions | 19:56)
5 Mountain King
3 Storm Bolt
2 Bash
3 Paladin
2 Holy Light
1 Devotion Aura
» actions
| Assign group hotkey | 70 | |
| Basic commands | 95 | |
| Build / train | 85 | |
| ESC pressed | 9 | |
| Enter build submenu | 25 | |
| Enter hero's abilities submenu | 8 | |
| Give item / drop item | 1 | |
| Right click | 814 | |
| Select / deselect | 405 | |
| Select group hotkey | 453 | |
| Use ability | 88 | |
2053 total
» units
| Peasant | 16 | |
| Footman | 2 | |
| Rifleman | 19 | |
| Mortar Team | 2 | |
39 total
» upgrades
| Long Rifles | 1 | |
| Gunpowder | 2 | |
| Armor | 1 | |
| Masonry | 2 | |
6 total
» buildings
| Farm | 8 | |
| Barracks | 2 | |
| Altar of Kings | 1 | |
| Blacksmith | 1 | |
| Arcane Vault | 1 | |
| Keep | 4 | |
| Workshop | 1 | |
| Lumber Mill | 1 | |
| Scout Tower | 7 | |
| Guard Tower | 14 | |
40 total
» build order
00:10 Farm
00:13 Farm
00:16 Barracks
00:25 Altar of Kings
01:47 Blacksmith
02:01 Farm
02:43 Farm
03:18 Arcane Vault
03:50 Keep
03:51 Keep
04:19 Farm
05:32 Farm
06:35 Workshop
07:19 Farm
07:58 Lumber Mill
09:56 Barracks
12:38 Farm
13:49 Scout Tower
13:51 Scout Tower
14:20 Guard Tower
14:20 Scout Tower
14:23 Guard Tower
14:23 Guard Tower
14:23 Guard Tower
14:24 Scout Tower
14:47 Guard Tower
14:53 Scout Tower
14:54 Guard Tower
15:06 Scout Tower
15:23 Guard Tower
15:23 Guard Tower
15:23 Guard Tower
15:34 Guard Tower
16:53 Guard Tower
18:22 Scout Tower
18:51 Guard Tower
» items
| Healing Salve | 1 | |
| Lesser Clarity Potion | 2 | |
| Scroll of Town Portal | 2 | |
| Scroll of Regeneration | 3 | |
| Potion of Healing | 2 | |
10 total
CRIMEBOSS (
yellow | 60 APM | 2377 actions | 39:35)
9 Blademaster
3 Wind Walk
3 Critical Strike
1 Bladestorm
2 Mirror Image
» actions
| Assign group hotkey | 38 | |
| Basic commands | 22 | |
| Build / train | 103 | |
| Enter build submenu | 75 | |
| Enter hero's abilities submenu | 10 | |
| Give item / drop item | 8 | |
| Right click | 1130 | |
| Select / deselect | 416 | |
| Select group hotkey | 242 | |
| Use ability | 333 | |
2377 total
» units
| Peon | 18 | |
| Grunt | 7 | |
| Troll Batrider | 17 | |
42 total
» upgrades
| Ranged Weapons | 3 | |
| Armor | 3 | |
| Troll Regeneration | 1 | |
| Reinforced Defenses | 2 | |
| Liquid Fire | 1 | |
| Spiked Barricades | 3 | |
| Pillage | 1 | |
| Envenomed Spears | 1 | |
| Ensnare | 1 | |
| Melee Weapons | 3 | |
19 total
» buildings
| Orc Burrow | 3 | |
| Altar of Storms | 1 | |
| Barracks | 1 | |
| Voodoo Lounge | 4 | |
| War Mill | 4 | |
| Watch Tower | 53 | |
| Stronghold | 1 | |
| Great Hall | 2 | |
| Fortress | 1 | |
| Beastiary | 4 | |
74 total
» build order
00:13 Orc Burrow
00:54 Altar of Storms
00:55 Barracks
01:28 Orc Burrow
01:39 Voodoo Lounge
02:42 War Mill
02:59 Orc Burrow
05:16 Watch Tower
05:16 Watch Tower
05:17 Watch Tower
05:17 Watch Tower
05:46 Stronghold
06:31 Watch Tower
06:38 Great Hall
06:41 Watch Tower
06:54 Watch Tower
07:59 Watch Tower
08:00 Watch Tower
08:01 Watch Tower
08:08 Watch Tower
08:09 Watch Tower
09:27 Fortress
10:32 War Mill
10:34 Beastiary
10:35 Beastiary
10:36 Beastiary
10:37 Beastiary
11:09 Watch Tower
11:09 Watch Tower
11:12 Watch Tower
11:12 Watch Tower
11:17 Watch Tower
11:17 Watch Tower
11:23 Watch Tower
15:09 Voodoo Lounge
15:14 Watch Tower
15:15 Watch Tower
15:16 Watch Tower
15:17 Watch Tower
15:28 Watch Tower
15:30 Watch Tower
15:31 Watch Tower
15:33 Watch Tower
15:35 Watch Tower
15:41 Watch Tower
15:41 Watch Tower
17:34 War Mill
23:13 Watch Tower
23:13 Watch Tower
23:14 Watch Tower
23:58 War Mill
26:03 Watch Tower
26:03 Watch Tower
26:04 Watch Tower
26:05 Watch Tower
26:13 Watch Tower
26:13 Watch Tower
26:14 Watch Tower
26:14 Watch Tower
26:29 Watch Tower
26:29 Watch Tower
26:30 Watch Tower
26:31 Watch Tower
26:31 Watch Tower
26:32 Watch Tower
26:33 Watch Tower
26:33 Watch Tower
26:33 Watch Tower
27:21 Great Hall
27:23 Watch Tower
32:16 Voodoo Lounge
32:21 Voodoo Lounge
» items
| Healing Salve | 9 | |
| Potion of Healing | 6 | |
| Scroll of Town Portal | 2 | |
| Lesser Clarity Potion | 2 | |
| Orb of Lightning | 1 | |
| Staff of Teleportation | 1 | |
| Periapt of Vitality | 2 | |
| Potion of Mana | 4 | |
| Dust of Appearance | 2 | |
29 total

»
spoone (
purple | 1 APM | 10 actions | 16:22)
» actions
| Build / train | 4 | |
| Remove unit from queue | 1 | |
| Right click | 1 | |
| Select / deselect | 4 | |
10 total
» units
KosherTangerine (
green | 38 APM | 833 actions | 21:38)
4 Tauren Chieftain
2 Endurance Aura
2 War Stomp
» actions
| Assign group hotkey | 21 | |
| Basic commands | 88 | |
| Build / train | 59 | |
| Enter build submenu | 32 | |
| Enter hero's abilities submenu | 4 | |
| Remove unit from queue | 1 | |
| Right click | 263 | |
| Select / deselect | 185 | |
| Select group hotkey | 105 | |
| Use ability | 75 | |
833 total
» units
| Peon | 16 | |
| Troll Headhunter/Berserker | 21 | |
| Demolisher | 1 | |
| Shaman | 1 | |
39 total
» upgrades
| Armor | 2 | |
| Ranged Weapons | 2 | |
| Troll Regeneration | 1 | |
| Shaman Training | 1 | |
| Spiked Barricades | 2 | |
| Berserker Upgrade | 1 | |
9 total
» buildings
| Altar of Storms | 1 | |
| Orc Burrow | 14 | |
| Barracks | 1 | |
| War Mill | 1 | |
| Voodoo Lounge | 1 | |
| Stronghold | 1 | |
| Watch Tower | 8 | |
| Spirit Lodge | 2 | |
| Fortress | 1 | |
30 total
» build order
00:10 Orc Burrow
01:06 Barracks
01:32 War Mill
02:01 Orc Burrow
02:21 Voodoo Lounge
03:21 Stronghold
03:44 Orc Burrow
05:41 Orc Burrow
05:48 Watch Tower
06:57 Orc Burrow
07:14 Spirit Lodge
07:55 Orc Burrow
09:30 Fortress
11:02 Orc Burrow
13:56 Orc Burrow
14:00 Orc Burrow
14:32 Orc Burrow
15:11 Orc Burrow
15:13 Orc Burrow
15:23 Watch Tower
15:26 Watch Tower
15:28 Watch Tower
16:56 Watch Tower
16:58 Watch Tower
17:00 Watch Tower
17:38 Orc Burrow
17:50 Orc Burrow
19:43 Watch Tower
20:54 Spirit Lodge
» items
| Healing Salve | 1 | |
| Scroll of Town Portal | 1 | |
2 total
team 2 (loser)

»
Down_N_Dirty3 (
red | 35 APM | 1364 actions | 38:31)
5 Demon Hunter
2 Mana Burn
3 Evasion
» actions
| Build / train | 63 | |
| Enter build submenu | 26 | |
| Enter hero's abilities submenu | 5 | |
| Give item / drop item | 1 | |
| Remove unit from queue | 1 | |
| Right click | 920 | |
| Select / deselect | 297 | |
| Use ability | 51 | |
1364 total
» units
| Wisp | 12 | |
| Archer | 15 | |
| Huntress | 2 | |
| Chimaera | 5 | |
| Faerie Dragon | 5 | |
39 total
» upgrades
| Strength of the Wild | 3 | |
| Improved Bows | 0 | |
| Corrosive Breath | 1 | |
| Reinforced Hides | 1 | |
| Strength of the Moon | 1 | |
6 total
» buildings
| Moon Well | 9 | |
| Altar of Elders | 2 | |
| Ancient of War | 2 | |
| Hunter's Hall | 1 | |
| Tree of Ages | 1 | |
| Ancient Protector | 1 | |
| Ancient of Wind | 1 | |
| Tree of Eternity | 1 | |
| Chimaera Roost | 2 | |
| Ancient of Wonders | 1 | |
| Tree of Life | 3 | |
24 total
» build order
00:12 Moon Well
00:19 Altar of Elders
00:40 Ancient of War
01:20 Moon Well
02:19 Hunter's Hall
03:22 Tree of Ages
03:35 Moon Well
04:50 Ancient Protector
05:54 Ancient of Wind
06:40 Tree of Eternity
08:37 Moon Well
09:37 Chimaera Roost
09:39 Chimaera Roost
10:50 Moon Well
10:58 Ancient of Wonders
11:59 Moon Well
16:22 Moon Well
21:10 Tree of Life
22:21 Ancient of War
23:28 Tree of Life
29:44 Tree of Life
29:47 Altar of Elders
29:49 Moon Well
30:56 Moon Well
» items
| Scroll of Town Portal | 3 | |
| Staff of Preservation | 1 | |
| Dust of Appearance | 3 | |
| Orb of Lightning | 1 | |
| Moonstone | 1 | |
9 total
Winstealer (
teal | 107 APM | 4221 actions | 39:35)
6 Archmage
3 Summon Water Elemental
2 Brilliance Aura
1 Mass Teleport
5 Mountain King
3 Storm Bolt
2 Bash
» actions
| Assign group hotkey | 116 | |
| Basic commands | 230 | |
| Build / train | 155 | |
| ESC pressed | 4 | |
| Enter build submenu | 52 | |
| Enter hero's abilities submenu | 11 | |
| Give item / drop item | 8 | |
| Remove unit from queue | 1 | |
| Right click | 1153 | |
| Select / deselect | 537 | |
| Select group hotkey | 1629 | |
| Use ability | 325 | |
4221 total
» units
| Peasant | 15 | |
| Footman | 7 | |
| Rifleman | 7 | |
| Priest | 3 | |
| Spell Breaker | 2 | |
| Knight | 4 | |
| Sorceress | 2 | |
40 total
» upgrades
| Gunpowder | 4 | |
| Masonry | 3 | |
| Armor | 3 | |
| Long Rifles | 1 | |
| Priest Training | 2 | |
| Swords | 3 | |
| Plating | 4 | |
| Animal War Training | 1 | |
| Sorceress Training | 2 | |
| Control Magic | 1 | |
24 total
» buildings
| Altar of Kings | 1 | |
| Farm | 14 | |
| Barracks | 2 | |
| Arcane Vault | 1 | |
| Lumber Mill | 1 | |
| Blacksmith | 1 | |
| Keep | 3 | |
| Scout Tower | 24 | |
| Guard Tower | 31 | |
| Castle | 2 | |
| Town Hall | 2 | |
| Arcane Sanctum | 2 | |
84 total
» build order
00:53 Altar of Kings
01:06 Farm
01:09 Barracks
01:12 Farm
01:52 Arcane Vault
02:11 Farm
02:16 Farm
02:21 Lumber Mill
02:53 Blacksmith
04:06 Keep
04:06 Keep
04:06 Keep
04:43 Scout Tower
04:43 Scout Tower
05:23 Guard Tower
05:46 Farm
06:52 Farm
07:23 Castle
07:24 Castle
07:58 Scout Tower
08:06 Farm
08:28 Guard Tower
08:28 Guard Tower
08:28 Guard Tower
08:28 Guard Tower
10:02 Scout Tower
10:05 Scout Tower
10:06 Scout Tower
10:07 Scout Tower
10:49 Guard Tower
10:50 Guard Tower
11:46 Town Hall
11:49 Scout Tower
11:50 Scout Tower
11:51 Scout Tower
11:52 Scout Tower
12:08 Arcane Sanctum
12:11 Arcane Sanctum
12:23 Guard Tower
12:23 Guard Tower
12:24 Guard Tower
12:57 Guard Tower
13:10 Scout Tower
13:12 Scout Tower
13:13 Scout Tower
13:38 Scout Tower
13:41 Scout Tower
13:42 Scout Tower
13:47 Guard Tower
13:48 Guard Tower
14:15 Guard Tower
14:15 Guard Tower
14:18 Guard Tower
14:18 Guard Tower
15:11 Farm
15:14 Farm
15:26 Farm
15:39 Barracks
16:34 Farm
16:36 Farm
17:05 Farm
17:09 Farm
17:12 Scout Tower
17:13 Scout Tower
21:13 Guard Tower
21:57 Guard Tower
24:20 Town Hall
24:23 Scout Tower
24:24 Scout Tower
24:26 Scout Tower
24:27 Scout Tower
24:30 Scout Tower
25:18 Guard Tower
25:18 Guard Tower
25:19 Guard Tower
26:01 Guard Tower
» items
| Staff of Teleportation | 2 | |
| Scroll of Regeneration | 6 | |
| Staff of Sanctuary | 1 | |
| Orb of Fire | 1 | |
| Boots of Speed | 2 | |
| Scroll of Town Portal | 2 | |
| Periapt of Vitality | 1 | |
| Circlet of Nobility | 1 | |
| Orb of Lightning | 2 | |
| Tiny Great Hall | 1 | |
19 total
THEHUNTER- (
blue | 56 APM | 2191 actions | 39:20)
7 Blademaster
3 Wind Walk
3 Critical Strike
1 Bladestorm
» actions
| Assign group hotkey | 47 | |
| Basic commands | 87 | |
| Build / train | 60 | |
| Enter build submenu | 16 | |
| Enter hero's abilities submenu | 7 | |
| Give item / drop item | 3 | |
| Right click | 978 | |
| Select / deselect | 257 | |
| Select group hotkey | 601 | |
| Use ability | 135 | |
2191 total
» units
| Peon | 10 | |
| Wind Rider | 7 | |
| Kodo Beast | 5 | |
| Raider | 2 | |
24 total
» upgrades
| Ranged Weapons | 2 | |
| Reinforced Defenses | 1 | |
| Envenomed Spears | 1 | |
| Armor | 2 | |
6 total
» buildings
| Altar of Storms | 1 | |
| Orc Burrow | 8 | |
| Voodoo Lounge | 2 | |
| Stronghold | 3 | |
| War Mill | 1 | |
| Fortress | 2 | |
| Beastiary | 3 | |
| Watch Tower | 9 | |
29 total
» build order
00:14 Altar of Storms
00:23 Orc Burrow
01:09 Voodoo Lounge
02:06 Stronghold
02:26 Orc Burrow
02:48 War Mill
03:09 Orc Burrow
03:10 Orc Burrow
04:34 Fortress
04:34 Fortress
04:39 Beastiary
04:41 Beastiary
10:31 Watch Tower
10:32 Watch Tower
10:32 Watch Tower
10:33 Watch Tower
11:03 Watch Tower
11:55 Watch Tower
11:55 Watch Tower
11:56 Watch Tower
11:56 Watch Tower
22:01 Beastiary
22:04 Orc Burrow
22:05 Orc Burrow
22:05 Orc Burrow
23:55 Voodoo Lounge
27:55 Orc Burrow
» items
| Healing Salve | 3 | |
| Lesser Clarity Potion | 2 | |
| Staff of Teleportation | 1 | |
| Potion of Lesser Invulnerability | 2 | |
| Orb of Lightning | 1 | |
| Scroll of Town Portal | 3 | |
| Scroll of Healing | 1 | |
| Tiny Great Hall | 2 | |
15 total

»
Mr.Hollywood (
pink | 16 APM | 610 actions | 38:59)
4 Blademaster
2 Wind Walk
1 Mirror Image
1 Critical Strike
» actions
| Basic commands | 30 | |
| Build / train | 53 | |
| Enter build submenu | 19 | |
| Enter hero's abilities submenu | 4 | |
| Remove unit from queue | 3 | |
| Right click | 214 | |
| Select / deselect | 229 | |
| Use ability | 58 | |
610 total
» units
» upgrades
| Pillage | 1 | |
| Armor | 3 | |
| Melee Weapons | 2 | |
| Berserker Strength | 1 | |
| Pulverize | 1 | |
8 total
» buildings
| Altar of Storms | 1 | |
| Orc Burrow | 11 | |
| Barracks | 2 | |
| War Mill | 1 | |
| Voodoo Lounge | 1 | |
| Stronghold | 1 | |
| Fortress | 1 | |
| Tauren Totem | 1 | |
19 total
» build order
00:58 Altar of Storms
01:15 Orc Burrow
02:01 Barracks
02:56 Orc Burrow
03:06 War Mill
03:19 Barracks
04:30 Orc Burrow
04:45 Voodoo Lounge
05:26 Stronghold
06:37 Orc Burrow
08:45 Orc Burrow
10:58 Fortress
15:19 Orc Burrow
15:26 Orc Burrow
16:42 Orc Burrow
17:48 Tauren Totem
18:17 Orc Burrow
22:12 Orc Burrow
22:18 Orc Burrow
» items
| Orb of Lightning | 1 | |
| Healing Salve | 1 | |
2 total
Chat log
(00:30 / All) THEHUNTER-: no ur not
(01:37 / All) THEHUNTER-: windows 10 is gay. stupid updates lag my pc
(01:48 / All) Winstealer: I have automatic updates off
(02:00 / All) THEHUNTER-: i used to, doesnt give me that option
(03:40 / Allies) THEHUNTER-: lets creep some greens togeher pink
(03:43 / Allies) THEHUNTER-: ur tank
(03:45 / Allies) Mr.Hollywood: k
(03:50 / Allies) THEHUNTER-: im dps
(04:10 / Allies) THEHUNTER-: shp now
(04:18 / Allies) THEHUNTER-: red plz come
(04:19 / Allies) THEHUNTER-: to use
(04:22 / Allies) Down_N_Dirty3: k
(04:31 / Allies) THEHUNTER-: come pink
(04:52 / Allies) THEHUNTER-: help teal
(05:23 / Allies) Winstealer: ty
(06:17 / Allies) THEHUNTER-: tp
(06:33 / Allies) THEHUNTER-: teal base need help
(06:39 / Allies) THEHUNTER-: stay red
(06:56 / Allies) Down_N_Dirty3: ill tp in
(08:02 / Allies) THEHUNTER-: me creep alone plz
(08:35 / Allies) THEHUNTER-: tp
(09:54 / Allies) Down_N_Dirty3: push orange
(09:59 / Allies) THEHUNTER-: um
(10:36 / Allies) Down_N_Dirty3: back
(10:43 / Allies) THEHUNTER-: i got greens tc so
(10:56 / Allies) THEHUNTER-: dont hit
(11:38 / Allies) Down_N_Dirty3: out
(12:11 / Allies) Down_N_Dirty3: pink back
(13:55 / Allies) Winstealer: lumber me if you can
(14:12 / Allies) Winstealer: ty
(14:13 / Allies) Down_N_Dirty3: burrow
(14:28 / Allies) THEHUNTER-: getting cgreen real quick
(16:51 / All) CRIMEBOSS: almost died lol
(18:58 / All) RooDey: lol..
(19:04 / All) Winstealer: ?
(19:06 / All) THEHUNTER-: aint ur day
(19:10 / All) RooDey: ^
(19:13 / All) RooDey: was going to get a dusk
(19:38 / Allies) Mr.Hollywood: hoe
(19:40 / Allies) Mr.Hollywood: help
(21:03 / All) THEHUNTER-: fuck it u can treive ur hero green
(21:18 / All) KosherTangerine: thanks
(21:35 / All) KosherTangerine: gg
(21:41 / All) THEHUNTER-: well didnt mean to
(21:46 / All) Mr.Hollywood: f uck you yello
(21:56 / All) CRIMEBOSS: How rude
(22:15 / All) THEHUNTER-: i havent been paying attention
(22:16 / All) THEHUNTER-: to this game
(22:23 / All) THEHUNTER-: just been backdooring gren and oj all game with wyverns
(24:01 / Allies) Mr.Hollywood: we gotta hit
(24:08 / Allies) THEHUNTER-: we're fine
(24:09 / Allies) THEHUNTER-: we got 3 expos
(24:11 / Allies) Winstealer: alright I'll kill the enemy
(24:21 / All) Down_N_Dirty3: please keep being a little bithc
(24:51 / Allies) Down_N_Dirty3: wtf teal
(25:03 / Allies) Winstealer: I'm killing the enemy
(25:09 / Allies) Mr.Hollywood: ???
(25:25 / Allies) Winstealer: the night elves have been a menace to the alliance for all too long
(25:47 / Allies) Down_N_Dirty3: ur a fucking tard
(26:04 / All) THEHUNTER-: red wtf
(26:05 / Allies) Winstealer: just playing the game noob
(26:09 / All) THEHUNTER-: why is red in my base
(26:16 / Allies) Down_N_Dirty3: was i tpd
(26:18 / Allies) Winstealer: why do you tell me to hit the enemy if you don't want me to hit the enemy
(26:34 / Allies) Mr.Hollywood: teal wtf you fucking douche bag
(26:39 / Allies) Mr.Hollywood: fucking pussy
(26:46 / Allies) Winstealer: I'm killing the elves
(26:56 / Allies) Winstealer: freeing lordaeron's forests of night elf influence
(26:57 / Allies) Mr.Hollywood: stupid fuck
(27:06 / Allies) Mr.Hollywood: 3 of 4 left!!!!
(27:09 / Allies) Mr.Hollywood: you dumb fuck
(27:10 / Allies) THEHUNTER-: we can do it
(27:12 / Allies) Winstealer: are you an enemy too, pink?
(27:13 / Allies) THEHUNTER-: its just yellow left
(27:23 / Allies) Winstealer: red is my enemy, now you're sounding like my enemy too
(27:38 / Allies) Mr.Hollywood: hb we finish the game
(27:41 / Allies) Mr.Hollywood: lets go
(27:45 / Allies) Winstealer: I'm finishing you
(28:59 / All) CRIMEBOSS: was dead either way, don't be sore
(29:10 / All) Winstealer: lol
(29:30 / All) Winstealer: I need 1 kill of anything to be level 6
(29:33 / Allies) Mr.Hollywood: teal finish the game you fuckin nippleless bitch
(29:40 / All) THEHUNTER-: rofl
(29:42 / All) Winstealer: towers give xp right?
(29:43 / All) THEHUNTER-: pink called teal
(29:47 / All) THEHUNTER-: a nippleless bitch
(29:56 / All) Mr.Hollywood: lil bitch
(29:57 / All) Winstealer: there we go
(30:04 / All) CRIMEBOSS: heres a troll
(30:08 / All) Mr.Hollywood: bring it you fucking herpes whore
(30:31 / All) Mr.Hollywood: my moms wings doesn't even beat yours
(30:45 / All) Mr.Hollywood: bitch of a fucking trick teal
(30:52 / All) THEHUNTER-: lol
(30:53 / All) Winstealer: bitch of a fucking trick?
(30:55 / All) Winstealer: that's not very nice
(31:02 / All) Winstealer: do you talk to your mother with that mouth?
(31:21 / All) Mr.Hollywood: your mom gives sloppy blow jobs
(31:32 / Allies) THEHUNTER-: tavern rez
(31:33 / All) CRIMEBOSS: HAHA
(31:35 / Allies) THEHUNTER-: red
(31:49 / Allies) Down_N_Dirty3: fukin wells
(31:49 / All) Mr.Hollywood: teal really
(32:11 / All) THEHUNTER-: yellow
(32:16 / All) THEHUNTER-: take on 12 kodo beasts with one bm
(32:18 / All) Winstealer: Wisps are powerful units, I won't allow them to exist
(32:22 / All) Winstealer: they can kill level 10 archimondes
(32:42 / All) Down_N_Dirty3: teal go suck a black cock you piece of shit child of a $5 whore
(33:37 / All) Winstealer: red and pink, are you excited for your brand new loss?
(33:56 / All) Mr.Hollywood: after all this time you piece of shit
(34:03 / All) THEHUNTER-: i dont ge tit
(34:07 / All) Winstealer: red coming with his archers to fight your blademaster
(34:23 / All) Mr.Hollywood: he finished me... wtf
(34:26 / All) THEHUNTER-: it would be comical to see a bm with mask of death vs kodos beasts
(34:28 / All) THEHUNTER-: oh
(34:34 / All) Mr.Hollywood: why dont you al finish off yellow"?
(34:34 / All) THEHUNTER-: why did teal kill you pink?
(34:51 / All) THEHUNTER-: we're going to. was waiting for you guys
(34:58 / All) Mr.Hollywood: blue and teal suck donkey dick, black donkey dick
(35:14 / All) Winstealer: red and pink both keep talking about black dick
(35:16 / All) CRIMEBOSS: Raepd
(35:34 / All) Down_N_Dirty3: and your just a punk ass bitch
(35:37 / All) Mr.Hollywood: lol blue a lil late
(35:48 / All) Mr.Hollywood: your mom is my punk ass slut bag
(35:51 / All) CRIMEBOSS: raped
(36:04 / All) CRIMEBOSS: that's ever so rude
(36:20 / All) THEHUNTER-: ill let red and pink control my bm now
(36:33 / All) Down_N_Dirty3: says the guy who had oppents playing for him practically
(36:43 / All) CRIMEBOSS: And how is that rude, exactly?
(36:45 / All) THEHUNTER-: what
(36:48 / All) CRIMEBOSS: That's playing smart!
(36:52 / All) Winstealer: Red and teal were my opponents and I have slain them
(36:55 / All) Down_N_Dirty3: no its plaing like a punk ass
(37:04 / All) CRIMEBOSS: Oh hush, you are such a sore loser
(37:08 / All) Down_N_Dirty3: fucking fagot
(37:18 / All) THEHUNTER-: thats not me
(37:20 / All) CRIMEBOSS: Wow, mind your manners you homophobe
(37:22 / All) THEHUNTER-: controlling it lol
(37:26 / All) THEHUNTER-: it was red or pink
(37:30 / All) Winstealer: Red is a homophobe
(37:36 / All) Winstealer: I'm reporting him to the antidefamation league
(37:39 / All) THEHUNTER-: bm is back
(37:41 / All) THEHUNTER-: somebody use
(37:43 / All) Winstealer: you should do so after too, yellow
(37:45 / All) Down_N_Dirty3: go for it teal
(38:09 / All) Winstealer: good teamwork yellow
(38:09 / All) CRIMEBOSS: he could have made a clean break
(38:16 / All) Down_N_Dirty3: your mom should of probably swallowed the load you were conceived in
(39:03 / All) Winstealer: perfect
(39:08 / All) Winstealer: who loses
(39:08 / All) THEHUNTER-: who win
(39:13 / All) CRIMEBOSS: lawl
(39:15 / All) CRIMEBOSS: ur team